 Dungeon Crawl Stone Soup version 0.26-a0-651-gb41185065b (webtiles) character file.

Game seed: 9772004338042737764

19 Lanoc the Insei (level 2, -11/21 HPs)
             Began as a Merfolk Transmuter on Oct 16, 2020.
             Killed by nerve-wracking pain
             ... invoked by an orc priest
              (14 damage)
             ... on level 3 of the Dungeon.
             The game lasted 00:01:29 (1054 turns).

Lanoc the Insei (Merfolk Transmuter)                Turns: 1054, Time: 00:01:30

Health: -11/21     AC:  2    Str: 10    XL:     2   Next: 75%
Magic:  2/5        EV: 13    Int: 12    God:
Gold:   24         SH:  0    Dex: 14    Spells: 2/5 levels left

rFire    . . .     SeeInvis .     - Unarmed
rCold    . . .     Faith    .   (no shield)
rNeg     . . .     Spirit   .   a - +0 robe
rPois    .         Reflect  .   (helmet currently unavailable)
rElec    .         Harm     .   (no cloak)
rCorr    .         Rampage  .   (no gloves)
MR       .....                  (boots currently unavailable)
Stlth    +.........             (no amulet)
HPRegen  0.07/turn              (no ring)
MPRegen  0.09/turn              (no ring)

@: appendages, wereblooded
A: change form in water, swift swim, stealthy swim, horns 2
a: End Transformation


You were on level 3 of the Dungeon.
You had grown temporary horns.
You visited 1 branch of the dungeon, and saw 3 of its levels.

You collected 24 gold pieces.

Inventory:

Armour
 a - a +0 robe (worn)
Scrolls
 c - 2 scrolls of remove curse {unknown}
 e - a scroll of fog {unknown}
 f - a scroll of blinking {unknown}
Potions
 b - a potion of flight {unknown}
 d - a potion of heal wounds {unknown}


   Skills:
 + Level 1.5 Fighting
 + Level 3.0 Dodging
 * Level 3.6 Unarmed Combat
 - Level 2.0 Spellcasting
 * Level 3.3 Transmutations


You had 2 spell levels left.
You knew the following spells:

 Your Spells              Type           Power        Failure   Level
a - Beastly Appendage     Tmut           #.....       7%          1
b - Wereblood             Tmut           #.......     11%         2

Your spell library contained the following spells:

 Spells                   Type           Power        Failure   Level
 Spider Form              Tmut/Pois      #.........   38%         3
 Ice Form                 Ice/Tmut       #.......     80%         4
 Blade Hands              Tmut           #.........   89%         5


Dungeon Overview and Level Annotations

Branches:
Dungeon (3/15)

Altars:
Vehumet


Innate Abilities, Weirdness & Mutations

You revert to your normal form in water.
You are very nimble and swift while swimming.
You are very stealthy in the water. (Stealth+)
You have a pair of horns on your head.


Message History

There is a stone staircase leading up here.
You hit the orc priest but do no damage.
You headbutt the orc priest, but do no damage.
The orc priest looks braver for a moment.
Casting: Beastly Appendage (safe; 7% risk of failure)
Confirm with . or Enter, or press ? or * to list all spells.
Your blood is infused with primal strength.
The orc wizard hits you with a +0 dagger.
The orc priest hits you with a +0 flail!
You closely miss the orc priest.
The orc wizard hits you with a +0 dagger.
The orc priest hits you with a +0 flail.
You hit the orc wizard but do no damage.
Your headbutt misses the orc wizard.
The orc wizard hits you with a +0 dagger.
* * * LOW HITPOINT WARNING * * *
The orc priest mumbles some strange prayers to Beogh against you.
Pain shoots through your body!
Ouch! That really hurt!
You die...

#........##........
#........##........
#..................
#...............##.
#....####.......##.
#......<......).(..
#..................
#..................
#.@..........##....
#.oo...............
#.....#............
#.....)............
#.........##.......
#.........# .......
#.#>.)....##
#....).....#
##.......#.#


You could see an orc priest and an orc wizard.

Vanquished Creatures
  3 orcs
  A giant cockroach (D:2)
  A goblin (D:2)
  A hobgoblin (D:2)
  2 jackals (D:1)
  3 kobolds
  2 bats
  A frilled lizard (D:1)
  2 rats
16 creatures vanquished.

Vanquished Creatures (others)
  11 plants (D:2)
11 creatures vanquished.

Grand Total: 27 creatures vanquished

Notes
Turn   | Place    | Note
-------+----------+-------------------------------------------
     0 | D:1      | Lanoc the Merfolk Transmuter began the quest for the Orb.
     0 | D:1      | Reached XP level 1. HP: 15/15 MP: 3/3
   233 | D:1      | Reached XP level 2. HP: 18/21 MP: 1/5
   490 | D:3      | Learned a level 2 spell: Wereblood
   695 | D:2      | Found a radiant altar of Vehumet.
  1054 | D:3      | Killed from afar by an orc priest

Illustrated notes

Levels and vault maps discovered:
D:1:      minmay_arrival_checkered_box, layout_basic, bh_walls_and_bars
D:2:      layout_loops_corners, grunt_dithmenos_smoke,
          nicolae_overflow_hidden_temple, minitemple,
          chequers_serial_rivers_micro_d, serial_bayou_lake_a
D:3:      layout_basic, old_standard_altar

Skill      XL: |  1  2 |
---------------+-------+-----
Transmutations | 3 |  3.3
Dodging        | 3 |  3.0
Fighting       | |  1.5
Unarmed Combat | |  3.6
Spellcasting   | |  2.0

Action                   || total
-------------------------++-------
Melee: Unarmed           ||    50
       Headbutt          ||     5
       Punch             ||     1
 Cast: Beastly Appendage ||    11
       Wereblood         ||     2
Armor: Robe              ||    10
Dodge: Dodged            ||    46

Table legend: (Time is in decaauts)
 A = Elapsed time spent in this place.
 B = Non-inter-level travel time spent in this place.
 C = Inter-level travel time spent in this place.
 D = Time resting spent in this place.
 E = Time spent auto-exploring this place.
 F = Levels seen in this place.
 G = Mean time per level.
                   A        B        C        D        E       F      G
               +--------+--------+--------+--------+--------+-----+--------+
         Total |   1053 |   1030 |     23 |    336 |    558 |   3 |  351.0 |
       Dungeon |   1053 |   1030 |     23 |    336 |    558 |   3 |  351.0 |
               +--------+--------+--------+--------+--------+-----+--------+

Top non-repeatable levels by time:
     D:2: 671 daAuts
     D:1: 292 daAuts
     D:3: 89 daAuts
